 Dungeon Crawl Stone Soup version 0.22.0-27-ga576289601 (webtiles) character file.

2163 Elric the Grappler (level 9, 0/89 HPs)
             Began as a Troll Monk on Aug 22, 2018.
             Was a Follower of Ru.
             Killed by nerve-wracking pain
             ... invoked by an orc priest
              (7 damage)
             ... on level 7 of the Dungeon.
             The game lasted 00:07:53 (4553 turns).

Elric the Grappler (Troll Monk)                     Turns: 4553, Time: 00:07:54

Health: 0/89       AC:  6    Str: 24    XL:     9   Next: 10%
Magic:  8/8        EV: 10    Int:  6    God:    Ru [*.....]
Gold:   285        SH:  0    Dex: 12    Spells: 8/8 levels left

rFire    . . .     SeeInvis .     - Unarmed
rCold    . . .     Gourm    +   (no shield)
rNeg     . . .     Faith    .   a - +1 robe
rPois    .         Spirit   .   (helmet restricted)
rElec    .         Reflect  .   (no cloak)
rCorr    .         Harm     .   (gloves unavailable)
MR       .....     Rnd*Tele +   (boots unavailable)
Stlth    ++........             (no amulet)
HPRegen  0.64/turn              l - ring of teleportation (curse)
MPRegen  0.11/turn              (no ring)

@: no status effects
A: large, unfitting armour, claws 3, fast metabolism 3, gourmand, regeneration
1, shaggy fur 1, tough skin 2, hated by all
a: Renounce Religion


You were on level 7 of the Dungeon.
You worshipped Ru.
Ru was aware of your devotion.
You were near starving.

You visited 2 branches of the dungeon, and saw 8 of its levels.
You also visited: Sewer.

You collected 285 gold pieces.

Inventory:

Armour
 a - a +1 robe (worn)
Jewellery
 k - a +1 ring of evasion {unknown}
 l - a cursed ring of teleportation (left claw)
 p - a +3 ring of protection {unknown}
Wands
 r - a wand of polymorph (7)
 t - a wand of random effects (27)
Scrolls
 c - 2 scrolls of enchant armour
 f - 6 scrolls of identify
 h - 2 scrolls of blinking
 i - a scroll of fear
 m - a scroll of fog {unknown}
 o - a scroll of teleportation {unknown}
 q - 2 scrolls of noise {unknown}
 u - a scroll of remove curse {unknown}
Potions
 d - a potion of haste
 e - 2 potions of heal wounds
 g - 4 potions of curing
 j - 2 potions of might {unknown}
 n - 3 potions of flight {unknown}
 s - a potion of degeneration {unknown}
Comestibles
 b - 5 rations


   Skills:
 + Level 6.3 Fighting
 - Level 2.6 Dodging
 - Level 1.0 Stealth
 * Level 10.2 Unarmed Combat


You had 8 spell levels left.
You didn't know any spells.
Your spell library was empty.

Dungeon Overview and Level Annotations

Branches:
Dungeon (7/15)             Temple (1/1) D:5

Altars:
Gozag
Kikubaaqudgha
Nemelex Xobeh
Qazlal
Ru
Sif Muna
Uskayaw
Vehumet
Wu Jian
The Shining One


Innate Abilities, Weirdness & Mutations

You are too large for most types of armour.
You have claws for hands.
Your metabolism is lightning-fast.
You like to eat raw meat.
Your natural rate of healing is unusually fast.
You are covered in fur. (AC +1)
You have very tough skin. (AC +2)
You are hated by all.


Message History

The orc warrior hits you with a scimitar!
* * * LOW HITPOINT WARNING * * *
You feel much better.
An orc warrior comes into view. It is wielding a mace.
The orc priest closely misses you.
You barely miss the orc warrior.
The orc warrior is severely wounded.
The orc warrior shouts!
You hear a shout! x3
The orc warrior hits you with a scimitar!!
* * * LOW HITPOINT WARNING * * *
You scratch the orc warrior.
The orc warrior is almost dead.
The orc priest calls upon Beogh to heal the orc warrior.
The orc warrior is healed somewhat.
The orc warrior hits you with a scimitar!
* * * LOW HITPOINT WARNING * * *
The orc priest closely misses you.
The orc priest calls down the wrath of Beogh upon you.
Pain shoots through your body!
You die...

#...# #...# #...#
.######...########
S=................
.......[..........
..........oo..o.(.
#####.....####.#.
#....@## #......#
#......#
####......#
#.........#
#.##....#.#
###.##......###
..............#
#.#..#..#..#..##


You could see an orc warrior and an orc priest.

Vanquished Creatures
  Sigmund (D:3)
  2 sky beasts (D:6)
  An ice beast (D:5)
  A phantom (D:6)
  An orc warrior (D:6)
  3 ogres
  2 centaurs (D:5)
  A big kobold (Sewer)
  A scorpion (D:4)
  A howler monkey (D:5)
  A crimson imp (D:5)
  A jelly (D:7)
  A quasit (D:6)
  A bullfrog zombie (D:6)
  4 hounds
  5 orc priests
  An iguana (D:7)
  6 orc wizards
  Natasha (twice) (D:2)
  3 worker ants
  A hound zombie (D:2)
  A hound skeleton (D:4)
  A worker ant zombie (D:5)
  9 adders
  A howler monkey skeleton (D:5)
  A river rat (Sewer)
  A shadow imp (D:5)
  3 oozes
  3 worms
  An adder skeleton (D:6)
  2 dart slugs
  A leopard gecko (D:3)
  27 orcs
  5 ball pythons
  4 bats
  5 giant cockroaches
  7 goblins
  3 hobgoblins
  8 jackals
  15 kobolds
  3 quokkas
  11 frilled lizards
  A jackal skeleton (D:5)
  A leopard gecko skeleton (D:5)
  A leopard gecko zombie (D:5)
  4 rats
159 creatures vanquished.

Notes
Turn   | Place    | Note
-------+----------+-------------------------------------------
     0 | D:1      | Elric the Troll Monk began the quest for the Orb.
     0 | D:1      | Reached XP level 1. HP: 22/22 MP: 0/0
   110 | D:1      | Reached XP level 2. HP: 29/29 MP: 1/1
   844 | D:2      | Noticed Natasha
   851 | D:2      | Killed Natasha
   851 | D:2      | Reached skill level 4 in Unarmed Combat
   851 | D:2      | Reached XP level 3. HP: 35/36 MP: 2/2
  1001 | D:2      | Reached XP level 4. HP: 40/45 MP: 3/3
  1072 | D:2      | Noticed Natasha
  1091 | D:2      | Killed Natasha
  1300 | D:3      | Noticed Sigmund
  1308 | D:3      | Reached XP level 5. HP: 53/53 MP: 4/4
  1313 | D:3      | Reached skill level 5 in Unarmed Combat
  1319 | D:3      | Killed Sigmund
  1319 | D:3      | Reached XP level 6. HP: 28/62 MP: 5/5
  1685 | D:3      | Reached skill level 6 in Unarmed Combat
  1939 | D:4      | Reached XP level 7. HP: 70/70 MP: 6/6
  2157 | D:4      | Reached skill level 7 in Unarmed Combat
  2269 | D:4      | Found a hide-covered altar of Uskayaw.
  2273 | D:4      | Found a radiant altar of Vehumet.
  2274 | D:4      | Found an ornate altar of the Wu Jian Council.
  2429 | D:5      | Entered Level 5 of the Dungeon
  2442 | D:5      | Found a glowing drain.
  2485 | Sewer    | Entered a sewer
  2841 | D:5      | Found a staircase to the Ecumenical Temple.
  2850 | Temple   | Entered the Ecumenical Temple
  2863 | Temple   | Became a worshipper of Ru the Awakened
  2877 | D:5      | Gained mutation: You are hated by all. [Ru sacrifice]
  2877 | D:5      | Reached * piety under Ru
  2988 | D:5      | Reached skill level 8 in Unarmed Combat
  2999 | D:5      | Reached skill level 5 in Fighting
  2999 | D:5      | Reached XP level 8. HP: 44/80 MP: 7/7
  3558 | D:6      | Reached skill level 9 in Unarmed Combat
  4026 | D:6      | Reached skill level 10 in Unarmed Combat
  4026 | D:6      | Reached XP level 9. HP: 46/89 MP: 8/8
  4553 | D:7      | Killed from afar by an orc priest

Skill      XL: |  1  2  3  4  5  6  7  8 |
---------------+-------------------------+-----
Unarmed Combat | 4 5 6 8 10 | 10.2
Fighting       | 3 4 5 6 |  6.3
Dodging        | |  2.6
Stealth        | |  1.0

Action                   |  1- 3 |  4- 6 |  7- 9 || total
-------------------------+-------+-------+-------++-------
Melee: Unarmed           |    57 |    85 |   292 ||   434
       Punch             |       |     1 |     6 ||     7
Invok: Sacrifice Love    |       |       |     1 ||     1
  Use: Scroll            |       |       |     6 ||     6
       Potion            |       |       |     3 ||     3
 Stab: Sleeping          |     2 |     3 |     2 ||     7
  Eat: Chunk             |     3 |    11 |    17 ||    31
       Ration            |     1 |       |     1 ||     2
Armor: Robe              |    25 |    25 |    93 ||   143
       Skin              |       |     3 |       ||     3
Dodge: Dodged            |    35 |    38 |   122 ||   195
